Match 28611342
Unlisted

Match 28611342
End
Construct Barracks
Selects Armored Battlegroup
Selects Veteran Crews
Riflemen Squad
Riflemen Squad
Riflemen Squad
Grenade Package
Construct Medical Station
Mechanized Support Center
Selects Fast Deploy
Construct Motor Pool
M8 Greyhound Armored Car
Designate Forward Repair Station
Selects M8 Scott SPG
M8 Scott SPG
Selects UNKNOWN (2160077)
Selects M31 Recovery Vehicle
M31 Recovery Vehicle
M24 Chaffee Light Tank
Construct Tank Depot
Selects War Machine
M4A3E8 Sherman Easy Eight
M1 Mortar Team
Riflemen Squad
Designate Forward Repair Station
M4A3E8 Sherman Easy Eight
Improvised Armor
M1918 Browning Automatic Rifles
CAuMOH
sniper shot reduces your mom lif
ohmygod321
jiro
0
0

Comments sign in to comment!

No comments posted yet!